[Event "GER-ch Blitz 2019"]
[Site "Magdeburg"]
[Date "2019.05.25"]
[Round "13.7"]
[White "Kirchner, Thomas"]
[Black "Barzen, Pascal"]
[Result "0-1"]
[ECO "B14"]
[WhiteElo "2311"]
[BlackElo "2292"]
[Annotator "NA"]
[PlyCount "164"]
[EventDate "2019.05.25"]
[EventType "tourn"]
[EventCountry "GER"]
[Tiebreak "Number of wins+Number of black wins"]
[SourceTitle "playchess.com"]
[Source "ChessBase"]
[SourceQuality "1"]
[TimeControl "180+2"]

1. e4 c6 2. d4 d5 3. exd5 cxd5 4. c4 Nf6 5. Nc3 e6 6. c5 Nc6 7. Nf3 Bd7 8. Bb5 Ne4 9. O-O Nxc3 10. bxc3 Be7 11. Re1 O-O 12. Rb1 Rb8 13. Bf4 Rc8 14. Ba4 b6 15. cxb6 axb6 16. Bc2 Na5 17. Qd3 g6 18. Ne5 Nc4 19. Bb3 Nxe5 20. Bxe5 b5 21. Qf3 Qa5 22. Re3 Rc6 23. Rbe1 Rfc8 24. Qf4 Rxc3 25. h4 Rxe3 26. Rxe3 f6 27. Bd6 Bxd6 28. Qxd6 Rc1+ 29. Kh2 Qc7 30. Qxc7 Rxc7 31. f4 Kg7 32. Kg3 b4 33. Kf2 Rc1 34. Re2 Kf7 35. g3 Bb5 36. Rd2 Rf1+ 37. Kg2 Rc1 38.
Kf2 Rc3 39. Rb2 Rd3 40. Bc2 Rxd4 41. Ke3 Rc4 42. Kd2 e5 43. a3 Rd4+ 44. Kc1 exf4 45. gxf4 Rxf4 46. axb4 Rxh4 47. Bd1 Rf4 48. Ra2 Rxb4 49. Ra7+ Ke6 50. Rb7 Rc4+ 51. Kd2 Bc6 52. Rb6 Ke5 53. Be2 Rc5 54. Rb8 h5 55. Rg8 Bb5 56. Bd1 g5 57. Bxh5 d4 58. Rd8 d3 59. Bd1 f5 60. Rg8 g4 61. Rg5 Kf6 62. Rg8 Rc7 63. Ke3 Re7+ 64. Kd2 Rg7 65. Rb8 Bc4 66. Rc8 Bd5 67.
Rd8 Ke5 68. Kxd3 g3 69. Re8+ Kf4 70. Re1 g2 71. Rg1 Kg3 72. Ke3 Ra7 73. Kd4 Be4 74. Bb3 Kf2 75. Rc1 g1=Q 76. Rxg1 Kxg1 77. Ke5 Kf2 78. Kf4 Rb7 79. Bc4 Rb4 80. Be6 Bd5+ 81. Kxf5 Bxe6+ 82. Kxe6 Ke3 0-1

[Event "GER-ch Blitz 2019"]
[Site "Magdeburg"]
[Date "2019.05.25"]
[Round "13.8"]
[White "Hebbinghaus, Holger"]
[Black "Heidrich, Manfred"]
[Result "1/2-1/2"]
[ECO "B20"]
[WhiteElo "2310"]
[BlackElo "2351"]
[Annotator "NA"]
[PlyCount "138"]
[EventDate "2019.05.25"]
[EventType "tourn"]
[EventCountry "GER"]
[Tiebreak "Number of wins+Number of black wins"]
[SourceTitle "playchess.com"]
[Source "ChessBase"]
[SourceQuality "1"]
[TimeControl "180+2"]

1. e4 c5 2. Be2 Nc6 3. f4 e6 4. Nf3 d5 5. d3 Nf6 6. e5 Nd7 7. O-O Be7 8. c4 O-O 9. Nc3 Nb6 10. Kh1 f6 11. Qe1 f5 12. b3 d4 13. Nd1 Kh8 14. Rg1 Bd7 15. h3 g5 16. fxg5 Qc7 17. Bf4 Be8 18. Qg3 Bg6 19. Nf2 Nd7 20. Rae1 a6 21. Bd1 b5 22. Nd2 Rg8 23. h4 Be8 24. Nh3 Nb6 25.
h5 bxc4 26. dxc4 a5 27. a4 Nb4 28. Nf2 Bc6 29. Bf3 Qd8 30.
Nh3 Rb8 31. Bxc6 Nxc6 32. Qf3 Qc7 33. g4 Rbf8 34. Rgf1 Nb4 35. gxf5 Rxf5 36. Qg4 Qc6+ 37. Qf3 Qxf3+ 38. Rxf3 Rgf8 39. Ref1 Nd7 40. Ne4 Nc6 41. Ng3 R5f7 42. g6 hxg6 43. hxg6 Rg7 44. Bh6 Rxf3 45. Rxf3 Rxg6 46. Bd2 Ndxe5 47. Nf4 Rg4 48. Kg2 Nxf3 49. Kxf3 Ne5+ 50. Kf2 Bf8 51. Nxe6 Be7 52. Bf4 Rg6 53. Bxe5+ Kg8 54. Nf4 Rb6 55. Bc7 Rxb3 56. Bxa5 Bd6 57. Ngh5 Ra3 58. Nf6+ Kf7 59. N4d5 Be5 60. Ne4 Rxa4 61. Bd2 Ra2 62. Ke2 Rc2 63. Nxc5 Rxc4 64. Nd3 Bg7 65. N5f4 Ra4 66. Kf3 Ra3 67. Ke4 Bh6 68. Be1 Bxf4 69. Nxf4 Ra1 1/2-1/2

[Event "GER-ch Blitz 2019"]
[Site "Magdeburg"]
[Date "2019.05.25"]
[Round "13.9"]
[White "Svane, Frederik"]
[Black "Krause, Benedict"]
[Result "1-0"]
[ECO "B13"]
[WhiteElo "2342"]
[BlackElo "2434"]
[Annotator "NA"]
[PlyCount "83"]
[EventDate "2019.05.25"]
[EventType "tourn"]
[EventCountry "GER"]
[Tiebreak "Number of wins+Number of black wins"]
[SourceTitle "playchess.com"]
[Source "ChessBase"]
[SourceQuality "1"]
[TimeControl "180+2"]

1. e4 c6 2. d4 d5 3. exd5 cxd5 4. Bd3 Nc6 5. c3 Qc7 6. Ne2 Bg4 7. O-O e6 8. Qe1 Nf6 9. f3 Bh5 10. Qh4 h6 11. Ng3 Bg6 12. Bxg6 fxg6 13. Re1 Kf7 14. Nf1 Bd6 15. Nbd2 Rae8 16. Nb3 g5 17. Qf2 e5 18. Be3 b6 19. dxe5 Nxe5 20. Qc2 Rhf8 21. Rad1 Kg8 22. Nd4 Qd7 23. Qf5 Qf7 24. Re2 Nc4 25. Bc1 Bc5 26. Rxe8 Rxe8 27. Kh1 Bxd4 28. cxd4 Re2 29. Qd3 Qe6 30. b3 Nd6 31. a4 Nf5 32. Bd2 Nh4 33. Ne3 Rxe3 34. Qxe3 Qf5 35. Re1 Qc2 36. Qc3 Qf5 37. Rc1 g4 38. Qc8+ Qxc8 39. Rxc8+ Kf7 40. fxg4 Ne4 41. Be1 Kg6 42. Bxh4 1-0

[Event "GER-ch Blitz 2019"]
[Site "Magdeburg"]
[Date "2019.05.25"]
[Round "13.10"]
[White "Schneider, Ilja"]
[Black "Schulze, Marc"]
[Result "1-0"]
[ECO "B22"]
[WhiteElo "2494"]
[BlackElo "2220"]
[Annotator "ChessBase"]
[PlyCount "118"]
[EventDate "2019.05.25"]
[EventType "tourn"]
[EventCountry "GER"]
[Tiebreak "Number of wins+Number of black wins"]
[SourceTitle "playchess.com"]
[Source "ChessBase"]
[SourceQuality "1"]
[TimeControl "180+2"]

1. e4 c5 2. c3 d5 3. exd5 Qxd5 4. Nf3 Nf6 5. Na3 Nc6 6. Be2 Bg4 7. O-O e6 8. h3 Bh5 9. d4 cxd4 10. Nb5 Qd8 11. Nfxd4 Bxe2 12. Qxe2 Nxd4 13. Nxd4 Be7 14. Rd1 Qb6 15. Qb5+ Qxb5 16. Nxb5 O-O 17. Be3 a6 18. Nd6 Bxd6 19. Rxd6 Rfd8 20. Rad1 Rxd6 21. Rxd6 Kf8 22. Rb6 Rb8 23. Bf4 Nd5 24. Bd6+ Ke8 25. Rb3 Rd8 26. Bg3 Rd7 27. c4 Nf6 28. Be5 Ke7 29. Bxf6+ Kxf6 30. Kf1 Ke5 31. Ke2 f5 32. Re3+ Kd6 33. b4 e5 34. g4 g6 35. gxf5 gxf5 36. Rg3 e4 37. Rg8 Ke5 38. Rc8 Kd4 39. c5 Kc4 40. c6 bxc6 41. Rxc6+ Kb5 42. Rc5+ Kxb4 43. Rxf5 Rd3 44. Rh5 Rd7 45. Ke3 Rf7 46. h4 a5
47. Rh6 Re7 48. Rh5 a4 49. Rd5 Ka3 50. Rd2 Re6 51. Rc2 Rb6 52.
h5 Rb4 53. h6 Rb6 54. Kxe4 Rxh6 55. f4 Rb6 56. f5 h5 57. Ke5 h4 58. f6 h3 59. f7 Rb8 1-0

[Event "GER-ch Blitz 2019"]
[Site "Magdeburg"]
[Date "2019.05.25"]
[Round "13.11"]
[White "Zelbel, Patrick"]
[Black "Carow, Johannes"]
[Result "0-1"]
[ECO "B13"]
[WhiteElo "2439"]
[BlackElo "2445"]
[Annotator "NA"]
[PlyCount "40"]
[EventDate "2019.05.25"]
[EventType "tourn"]
[EventCountry "GER"]
[Tiebreak "Number of wins+Number of black wins"]
[SourceTitle "playchess.com"]
[Source "ChessBase"]
[SourceQuality "1"]
[TimeControl "180+2"]

1. e4 c6 2. d4 d5 3. exd5 cxd5 4. Bd3 Nc6 5. c3 Qc7 6. Na3 g6 7. Nb5 Qb8 8. Qf3 Bg7 9. Qxd5 Nf6 10. Qf3 O-O 11. Ne2 e5 12. Qg3 a6 13. Na3 Nh5 14. Qf3 exd4 15.
cxd4 Bxd4 16. O-O Ne5 17. Qd5 Be6 18. Qxd4 Rd8 19. Qh4 Rxd3 20. Bg5 Rh3 0-1

[Event "GER-ch Blitz 2019"]
[Site "Magdeburg"]
[Date "2019.05.25"]
[Round "13.12"]
[White "Schulz, Karsten"]
[Black "Kopylov, Daniel"]
[Result "1-0"]
[ECO "A06"]
[WhiteElo "2227"]
[BlackElo "2263"]
[Annotator "NA"]
[PlyCount "103"]
[EventDate "2019.05.25"]
[EventType "tourn"]
[EventCountry "GER"]
[Tiebreak "Number of wins+Number of black wins"]
[SourceTitle "playchess.com"]
[Source "ChessBase"]
[SourceQuality "1"]
[TimeControl "180+2"]

1. Nf3 d5 2. c4 c6 3. g3 Nf6 4. Bg2 g6 5. b3 Bg7 6. Bb2 O-O 7. O-O c5 8.
cxd5 Nxd5 9. Bxg7 Kxg7 10. d4 cxd4 11. Qxd4+ Nf6 12. Nc3 Nc6 13. Qxd8 Rxd8 14. Rfd1 Bg4 15. h3 Bxf3 16. Bxf3 Rac8 17. Bxc6 Rxd1+ 18. Rxd1 Rxc6 19. Rd3 a6 20. Kg2 e6 21. f4 h6 22. Kf3 g5 23. e4 b5 24. e5 Ng8 25. Ne4 gxf4 26. gxf4 Rc2 27. Rd7 h5 28. Ng5 Rc3+ 29. Ke4 Nh6 30. Nxe6+ Kg6 31. Nd4 Rxh3 32. Rd6+ Kg7 33. Rxa6 Ng4 34. Nf5+ Kg8 35. Nh6+ Nxh6 36. Rxh6 Rh2 37. a4 bxa4 38. bxa4 Ra2 39. Rxh5 Rxa4+ 40. Kf5 Ra1 41. Rg5+ Kf8 42. Rg3 Rb1 43. Rd3 Ra1 44. Kf6 Ra6+ 45. Rd6 Ra8 46. f5 Ke8 47. Rc6 Rb8 48. Ra6 Rc8 49. Ra7 Rc6+ 50. e6 fxe6 51. fxe6 Rc8 52. Rh7 1-0

[Event "GER-ch Blitz 2019"]
[Site "Magdeburg"]
[Date "2019.05.25"]
[Round "13.13"]
[White "Schmaltz, Roland"]
[Black "Stern, Rene"]
[Result "1-0"]
[ECO "C65"]
[WhiteElo "2461"]
[BlackElo "2538"]
[Annotator "ChessBase"]
[PlyCount "69"]
[EventDate "2019.05.25"]
[EventType "tourn"]
[EventCountry "GER"]
[Tiebreak "Number of wins+Number of black wins"]
[SourceTitle "playchess.com"]
[Source "ChessBase"]
[SourceQuality "1"]
[TimeControl "180+2"]

1. e4 e5 2. Nf3 Nc6 3. Bb5 Nf6 4. d3 d6 5. c3 Be7 6. Nbd2 O-O 7. O-O a6 8. Ba4 Re8 9. Re1 Bf8 10. Nf1 h6 11. h3 b5 12. Bb3 Na5 13.
Bc2 c5 14. Ne3 Bb7 15. Nh2 Nc6 16. Nhg4 Nxg4 17. hxg4 Ne7 18. Qf3 d5 19. exd5 Nxd5 20. Bb3 e4 21. dxe4 c4 22. Bc2 Ne7 23. Rd1 Qc7 24. Nd5 Nxd5 25. exd5 Rad8 26. Be3 Qe5 27. Qh3 Rxd5 28. g5 Bc8 29. Qh1 Bg4 30. Rxd5 Qxd5 31. Qh4 h5 32. a4 b4 33. cxb4 Bxb4 34. Qg3 g6 35. Qf4
1-0

[Event "GER-ch Blitz 2019"]
[Site "Magdeburg"]
[Date "2019.05.25"]
[Round "13.14"]
[White "Hirneise, Jens"]
[Black "Stein, Robert"]
[Result "1/2-1/2"]
[ECO "C77"]
[WhiteElo "2375"]
[BlackElo "2318"]
[Annotator "NA"]
[PlyCount "89"]
[EventDate "2019.05.25"]
[EventType "tourn"]
[EventCountry "GER"]
[Tiebreak "Number of wins+Number of black wins"]
[SourceTitle "playchess.com"]
[Source "ChessBase"]
[SourceQuality "1"]
[TimeControl "180+2"]

1. e4 e5 2. Nf3 Nc6 3. Bb5 a6 4. Ba4 Nf6 5. d4 exd4 6. O-O d6 7. Nxd4 Bd7 8. Bxc6 bxc6 9. Qf3 c5 10. Nf5 Bxf5 11. Qxf5 Be7
12. Nc3 O-O 13. Rd1 Nd7 14. Nd5 Rb8 15. c3 Nb6 16. Nxe7+ Qxe7 17. b3 Rfe8 18. f3 a5 19. Bf4 a4 20. b4 Nd7 21. a3 g6 22.
Qg4 Ne5 23. Qg3 c4 24. Bxe5 dxe5 25. Rd5 c6 26. Rc5 Qe6 27. Rd1 f6 28. h3 Rbd8 29. Rxd8 Rxd8 30. Qg4 Qd6 31. Rxc4 Kf7 32. Kh2 h5 33. Qg3 Qe6 34. Rc5 Rd2 35. Qe1 Qa2 36. Qg1 Qxa3 37. Rxc6 Rd7 38. Qc5 Qb3 39. Rc7 Rxc7 40. Qxc7+ Kg8 41. Qd8+ Kg7 42. Qc7+ Kh6 43. Qc8 Kg7 44. Qc7+ Kh6 45. Qc8 1/2-1/2

[Event "GER-ch Blitz 2019"]
[Site "Magdeburg"]
[Date "2019.05.25"]
[Round "13.15"]
[White "Zuyev, Igor"]
[Black "Frischmann, Rick"]
[Result "1-0"]
[ECO "B23"]
[WhiteElo "2447"]
[BlackElo "2320"]
[Annotator "NA"]
[PlyCount "73"]
[EventDate "2019.05.25"]
[EventType "tourn"]
[EventCountry "GER"]
[Tiebreak "Number of wins+Number of black wins"]
[SourceTitle "playchess.com"]
[Source "ChessBase"]
[SourceQuality "1"]
[TimeControl "180+2"]

1. e4 c5 2. Nc3 Nc6 3. f4 d6 4. Nf3 g6 5. Bb5 Bd7 6. O-O Bg7 7. d3 Nf6 8. Qe1 a6 9. Bxc6 Bxc6 10. Bd2 b5 11. a3 O-O 12. b4 cxb4 13.
axb4 a5 14. Rxa5 Rxa5 15. bxa5 Qxa5 16. Nd5 Qd8 17. Nb4 Bd7 18. h3 Ne8 19. d4 Nc7 20. Qe3 Qc8 21. Rb1 Re8 22. Ra1 Qb7 23.
Qd3 Ne6 24. Ra2 Rc8 25. f5 gxf5 26. exf5 Nc7 27. d5 Ne8 28. g4 Rc4 29. Qe2 Kf8 30. Qf2 h5 31. Ra7 Qc8 32. gxh5 Bxf5 33. Nc6 Rxc6 34. dxc6 Qxc6 35. Bg5 Bf6 36. Bxf6 Nxf6 37. Nd4 1-0

[Event "GER-ch Blitz 2019"]
[Site "Magdeburg"]
[Date "2019.05.25"]
[Round "14.1"]
[White "Wichmann, Cliff"]
[Black "Gustafsson, Jan"]
[Result "0-1"]
[ECO "D02"]
[WhiteElo "2280"]
[BlackElo "2639"]
[Annotator "ChessBase"]
[PlyCount "67"]
[EventDate "2019.05.25"]
[EventType "tourn"]
[EventCountry "GER"]
[Tiebreak "Number of wins+Number of black wins"]
[SourceTitle "playchess.com"]
[Source "ChessBase"]
[SourceQuality "1"]
[TimeControl "180+2"]

1. Nf3 d5 2. d4 Nf6 3. Bf4 c5 4. c3 Nc6 5. e3 Qb6 6. Qc1 Bf5 7. Be2 e6 8. O-O Rc8 9. Nbd2 h6 10. Ne5 cxd4 11. cxd4 Be7 12. Bd3 O-O 13. Nxc6 Rxc6 14. Qb1 Bxd3 15. Qxd3 Rfc8 16. Nb3 a5 17. a4 Qb4 18. Qb5 Rb6 19. Qxb4 Rxb4 20. Nc5 Bxc5 21. dxc5 Ne4 22. Rfc1 Rxb2 23. f3 Nxc5 24. Be5 Rb4 25. Bd4 Rc4 26. Rcb1 Rc7 27. Rb5 Nxa4 28. Rxa5 Nc3 29. Kf2 f6 30. Re1 Kf7 31. Ra3 b5 32. Bxc3 Rxc3 33. Rxc3 Rxc3 34. Rb1 0-1

[Event "GER-ch Blitz 2019"]
[Site "Magdeburg"]
[Date "2019.05.25"]
[Round "14.2"]
[White "Feuerstack, Aljoscha"]
[Black "Koch, Thomas"]
[Result "0-1"]
[ECO "B22"]
[WhiteElo "2441"]
[BlackElo "2474"]
[Annotator "ChessBase"]
[PlyCount "122"]
[EventDate "2019.05.25"]
[EventType "tourn"]
[EventCountry "GER"]
[Tiebreak "Number of wins+Number of black wins"]
[SourceTitle "playchess.com"]
[Source "ChessBase"]
[SourceQuality "1"]
[TimeControl "180+2"]

1. e4 c5 2. c3 d5 3. exd5 Qxd5 4. d4 e6 5. Nf3 Nf6 6. Na3 Qd8 7. Nc2 Nc6 8. Bd3 Be7 9. O-O O-O 10. Qe2 b6 11. Bf4 Bb7 12. Rad1 cxd4 13. Ncxd4 Nxd4 14. Nxd4 Qd5 15. f3 Qc5 16. Kh1 Rad8 17. Be5 Nd7 18.
Bg3 Nf6 19. Rfe1 Bd5 20. a3 Nh5 21. Be5 Bf6 22. f4 g6 23.
Qg4 Bxe5 24. Rxe5 Ng7 25. Rde1 Qc7 26. Bb1 Rfe8 27. h3 Qb7 28. Kh2 Qc7 29. Qg5 Qe7 30. Qg4 Qf6 31. Nf3 Bxf3 32. Qxf3 Rd2 33. R5e2 Rxe2 34. Rxe2 Nh5 35. g3 Rd8 36. Qe3 Rd6 37. Bc2 Qd8 38. Qe5 Rd2 39. Qe3 Rd6 40. Qe5 Nf6 41. Qe3 h5 42. Qf3 Rd2 43. Qg2 Rd6 44. Qf3 Qc7 45. Kg2 Qd7 46. Qe3 Rd5 47. Bb3 Rd3 48. Qf2 Qc6+ 49. Kh2 Qb5 50. Bc2 Rd6 51. Bb1 Qd7 52. Bc2 Rd5 53. Qe3 Qd6 54. Bb3 Rd3 55. Qf2 h4 56. g4 Rg3 57. Rd2 Ne4 58.
Rxd6 Nxf2 59. f5 Ne4 60. Rd7 Nc5 61. Bc4 Nxd7 0-1

[Event "GER-ch Blitz 2019"]
[Site "Magdeburg"]
[Date "2019.05.25"]
[Round "14.3"]
[White "Baskin, Robert"]
[Black "Voege, Tobias"]
[Result "0-1"]
[ECO "D00"]
[WhiteElo "2398"]
[BlackElo "2294"]
[Annotator "NA"]
[PlyCount "44"]
[EventDate "2019.05.25"]
[EventType "tourn"]
[EventCountry "GER"]
[Tiebreak "Number of wins+Number of black wins"]
[SourceTitle "playchess.com"]
[Source "ChessBase"]
[SourceQuality "1"]
[TimeControl "180+2"]

1. d4 d5 2. Bf4 Nc6 3. Nf3 Nf6 4. Nbd2 Bg4 5. e3 e6 6. Be2 Bd6 7. Bg3 O-O 8. O-O Ne7 9. c4 c6 10. Qb3 Ne4 11. Rfd1 Nxg3 12. hxg3 Rb8 13. e4 dxe4 14. Nxe4 Bc7 15. Rd2 Ng6 16. Rad1 Qe7 17. Qe3 f5 18. Nc5 f4 19. Qc3 fxg3 20. fxg3 Bxg3 21. Ne5 Bf2+ 22. Kf1 Bxd4+ 0-1

[Event "GER-ch Blitz 2019"]
[Site "Magdeburg"]
[Date "2019.05.25"]
[Round "14.4"]
[White "Braeuning, Rudolf Wilhelm"]
[Black "Buhmann, Rainer"]
[Result "0-1"]
[ECO "B13"]
[WhiteElo "2285"]
[BlackElo "2573"]
[Annotator "ChessBase"]
[PlyCount "86"]
[EventDate "2019.05.25"]
[EventType "tourn"]
[EventCountry "GER"]
[Tiebreak "Number of wins+Number of black wins"]
[SourceTitle "playchess.com"]
[Source "ChessBase"]
[SourceQuality "1"]
[TimeControl "180+2"]

1. e4 c6 2. d4 d5 3. exd5 cxd5 4. c4 Nf6 5. Nc3 Nc6 6. Bg5 Ne4 7. cxd5 Nxc3 8. bxc3 Qxd5 9. Nf3 Bg4 10. Qb3 Qxb3 11. axb3 Bxf3 12. gxf3 e6 13. Bb5 Bd6 14. Ra6 Kd7 15. Bxc6+ bxc6 16. Kd2 Rhb8 17. b4 Rb6 18. Ra4 Kc8 19. h3 Kb7 20. Rha1 Rb5 21. Be3 a6 22. Ke2 Rh5 23. Rh1 Bc7 24. f4 Rf5 25. Rg1 g6 26. Rg5 Rf6 27. Kf3 h6 28. Rg4 Rf5 29. Ke4 Rh5 30.
Rg3 Rh4 31. Kf3 Rd8 32. Ra2 Rd5 33. Ra1 Rf5 34. Ke2 Bxf4 35. Bxf4 Rhxf4 36. Rg2 Rf3 37. Rgg1 Rxc3 38. Ra4 Rc2+ 39. Ke3 Rcxf2 40. Rga1 Kc7 41. Rxa6 Kd6 42. Ra8 R5f3+ 43. Ke4 f5# 0-1

[Event "GER-ch Blitz 2019"]
[Site "Magdeburg"]
[Date "2019.05.25"]
[Round "14.5"]
[White "Braeuer, Franz"]
[Black "Heistermann, Till"]
[Result "1-0"]
[ECO "C41"]
[WhiteElo "2445"]
[BlackElo "2181"]
[Annotator "NA"]
[PlyCount "140"]
[EventDate "2019.05.25"]
[EventType "tourn"]
[EventCountry "GER"]
[Tiebreak "Number of wins+Number of black wins"]
[SourceTitle "playchess.com"]
[Source "ChessBase"]
[SourceQuality "1"]
[TimeControl "180+2"]

1. e4 d6 2. d4 e5 3. Nf3 exd4 4. Nxd4 Nf6 5. Nc3 Be7 6. g3 O-O 7. Bg2 Nc6 8. Nde2 Re8 9. O-O Bf8 10. h3 Be6 11. b3 Nd7 12. Bb2 Nc5 13.
Qd2 a6 14. Rad1 Qc8 15. Nf4 Ne5 16. Nxe6 fxe6 17. f4 Nc6 18. Ne2 a5 19. a4 Qd8 20. Kh2 Qe7 21. Rfe1 Rad8 22. Qe3 Nb4 23. Rd2 c6 24. Nd4 Qf7 25. Nf3 Be7 26. Bd4 Nba6 27. Rf1 Nd7 28. Bc3 b6 29. Nd4 Rc8 30. Rdf2 d5 31. Nf3 c5 32. exd5 exd5 33. Qd3 Nc7 34. Ne5 Nxe5 35. Bxe5 d4 36. Re2 Nd5 37. Bxd5 Qxd5 38. Rfe1 Bf8 39. Qc4 Qxc4 40. bxc4 Kf7 41. Rb1 Rc6 42. Kg2 Ree6 43. Kf3 Bd6 44. Bxd6 Rxe2 45. Kxe2 Rxd6 46. f5 Kf6 47. g4 h6 48. Kf3 g6 49. Kf4 gxf5 50. gxf5 h5 51. Rg1 Kf7 52. Rg5 d3 53.
cxd3 Rxd3 54. Rxh5 Rd4+ 55. Ke5 Rxc4 56. Rh7+ Kg8 57. Rb7 Rh4 58. Rxb6 Rxh3 59. Rb5 Ra3 60. Rxa5 Kf7 61. Ra7+ Kf8 62. Kf6 Ke8 63. a5 c4 64. Ra8+ Kd7 65. Ra7+ Ke8 66. Rc7 Rxa5 67. Rxc4 Ra6+ 68. Kg7 Ra7+ 69. Kg6 Ra6+ 70. f6 Rb6 1-0

[Event "GER-ch Blitz 2019"]
[Site "Magdeburg"]
[Date "2019.05.25"]
[Round "14.6"]
[White "Barzen, Pascal"]
[Black "Ehmann, Thilo"]
[Result "1-0"]
[ECO "B23"]
[WhiteElo "2292"]
[BlackElo "2291"]
[Annotator "NA"]
[PlyCount "57"]
[EventDate "2019.05.25"]
[EventType "tourn"]
[EventCountry "GER"]
[Tiebreak "Number of wins+Number of black wins"]
[SourceTitle "playchess.com"]
[Source "ChessBase"]
[SourceQuality "1"]
[TimeControl "180+2"]

1. e4 c5 2. Nc3 e6 3. g3 Nc6 4. Bg2 g6 5. d3 Bg7 6. Be3 d6 7. Qd2 h5 8. f4 Rb8 9. Nf3 b5 10. e5 dxe5 11. fxe5 Nxe5 12. Nxe5 Bxe5 13. Bxc5 Qc7 14. d4 Bd6 15. Ne4 Be7 16. O-O Bb7 17. Qf2 Bxc5 18. Nxc5 Bxg2 19. Kxg2 Nh6 20. d5 Rb6 21. dxe6 O-O 22. Nd7 Ng4 23. exf7+ Kg7 24. Qd4+ Kh6 25. Nxf8 Qxc2+ 26. Rf2 Nxf2 27. Qxf2 Qe4+ 28. Kg1 Rc6 29. Nxg6 1-0

[Event "GER-ch Blitz 2019"]
[Site "Magdeburg"]
[Date "2019.05.25"]
[Round "14.7"]
[White "Kopylov, Michael"]
[Black "Hebbinghaus, Holger"]
[Result "1-0"]
[ECO "A41"]
[WhiteElo "2413"]
[BlackElo "2310"]
[Annotator "NA"]
[PlyCount "68"]
[EventDate "2019.05.25"]
[EventType "tourn"]
[EventCountry "GER"]
[Tiebreak "Number of wins+Number of black wins"]
[SourceTitle "playchess.com"]
[Source "ChessBase"]
[SourceQuality "1"]
[TimeControl "180+2"]

1. d4 d6 2. Nf3 Bg4 3. g3 Bxf3 4. exf3 e6 5. Bg2 c6 6. O-O Nf6 7. f4 Be7 8. Nd2 O-O 9. Nf3 Nbd7 10. Re1 Re8 11. c3 Bf8 12. Qb3 Qb6 13. Qc2 g6 14. Ng5 d5 15. Bh3 c5 16. dxc5 Bxc5 17. b4 Bf8 18. Be3 Qc6 19. Nf3 Ne4 20.
Rac1 Rec8 21. Qb3 Qc4 22. Bd4 Bg7 23. Qxc4 Rxc4 24.
Bf1 Rc7 25. c4 Nd2 26. Nxd2 Bxd4 27. cxd5 Rxc1 28. Rxc1
exd5 29. Rc7 Nb6 30. Nb3 Bf6 31. Rxb7 Na4 32. Bb5 Nc3 33. Bc6 Rc8 34. b5 Nxa2 1-0

[Event "GER-ch Blitz 2019"]
[Site "Magdeburg"]
[Date "2019.05.25"]
[Round "14.8"]
[White "Krause, Benedict"]
[Black "Kirchner, Thomas"]
[Result "1-0"]
[ECO "C50"]
[WhiteElo "2434"]
[BlackElo "2311"]
[Annotator "NA"]
[PlyCount "156"]
[EventDate "2019.05.25"]
[EventType "tourn"]
[EventCountry "GER"]
[Tiebreak "Number of wins+Number of black wins"]
[SourceTitle "playchess.com"]
[Source "ChessBase"]
[SourceQuality "1"]
[TimeControl "180+2"]

1. e4 e5 2. Nf3 Nc6 3. Bc4 Bc5 4. O-O Nf6 5. d3 d6 6. c3 O-O 7. h3 a6 8. Bb3 Ba7 9. Nbd2 Ne7 10. Re1 Ng6 11. Nf1 Be6 12. Ng3 h6 13.
d4 exd4 14. cxd4 Re8 15. Bc2 c5 16. d5 Bd7 17. b3 b5 18.
Bb2 c4 19. bxc4 bxc4 20. Bc3 Rb8 21. Qd2 Ne5 22. Nd4 Qc7 23.
Kh2 h5 24. f4 Ng6 25. Ngf5 Ne7 26. Nxe7+ Rxe7 27. Nf3 Nh7 28. e5 Nf8 29. exd6 Qxd6 30. Be5 Qc5 31. Bxb8 Bxb8 32. Rxe7 Qxe7 33. Re1 Qf6 34. Ne5 Bb5 35. Qd4 g6 36. g3 h4 37. g4 g5 38. Kg2 gxf4 39. Nf3 Qh6 40.
Qe4 Bd6 41. Qf5 Bd7 42. Qg5+ Qxg5 43. Nxg5 c3 44. Ne4 Bb4 45. Nf6+ Kg7 46. Nh5+ Kg8 47. Nxf4 Bb5 48. Nd3 Bd6 49. Kf3 Bc4 50. Ke4 Nd7 51. Bb3 Bb5 52. a4 Nf6+ 53. Kf5 Bxd3+ 54. Kxf6 Kf8 55. Rc1 Bb4 56. Bc2 Bc4 57. Rd1 Bd6 58. Kg5 Be7+ 59. Kh5 Be2 60. Re1 Bf3 61. Bb3 f5 62. d6 Bxd6 63. Kxh4 fxg4 64. hxg4 Ba3 65. Rf1 Ke7 66. Rxf3 Kd6 67. Rxc3 Bb4 68. Rd3+ Ke5 69. Rd5+ Ke4 70. Rf5 Be7+ 71. Kh5 Bb4 72. a5 Bc3 73. Bc4 Kd4 74. Bxa6 Ke4 75. Bf1 Ke3 76. a6 Bd4 77. Rf7 Ke4 78. a7 Kd5 1-0

[Event "GER-ch Blitz 2019"]
[Site "Magdeburg"]
[Date "2019.05.25"]
[Round "14.9"]
[White "Heidrich, Manfred"]
[Black "Schneider, Ilja"]
[Result "0-1"]
[ECO "B07"]
[WhiteElo "2351"]
[BlackElo "2494"]
[Annotator "ChessBase"]
[PlyCount "82"]
[EventDate "2019.05.25"]
[EventType "tourn"]
[EventCountry "GER"]
[Tiebreak "Number of wins+Number of black wins"]
[SourceTitle "playchess.com"]
[Source "ChessBase"]
[SourceQuality "1"]
[TimeControl "180+2"]

1. e4 d6 2. d4 Nf6 3. Nc3 e5 4. dxe5 dxe5 5. Qxd8+ Kxd8 6. Bc4 Be6 7. Bxe6 fxe6 8. Be3 Bd6 9. f3 Ke7 10. Nge2 Nc6 11. O-O-O a6 12. Na4 Nd7 13. b3 b5 14. Nb2 h6 15.
Kb1 Rhd8 16. c4 Nc5 17. Rd2 b4 18. Rhd1 a5 19. Nc1 Nd4 20.
Bxd4 exd4 21. Rxd4 Bxh2 22. Rxd8 Rxd8 23. Rxd8 Kxd8 24. Ncd3 Nd7 25. Kc2 Bg1 26. Kd2 Bd4 27. Nd1 Ke7 28. Ne3 h5 29. Nc2 e5 30. Nxd4 exd4 31. Nf4 h4 32. Ng6+ Kf6 33. Nxh4 Nc5 34. g3 a4 35. bxa4 Nxa4 36. Kd3 c5 37. Nf5 Nc3 38. Nd6 Nxa2 39. Nb7 b3 40. Nxc5 Nb4+ 41.
Kxd4 b2 0-1

[Event "GER-ch Blitz 2019"]
[Site "Magdeburg"]
[Date "2019.05.25"]
[Round "14.10"]
[White "Carow, Johannes"]
[Black "Svane, Frederik"]
[Result "1-0"]
[ECO "A05"]
[WhiteElo "2445"]
[BlackElo "2342"]
[Annotator "NA"]
[PlyCount "40"]
[EventDate "2019.05.25"]
[EventType "tourn"]
[EventCountry "GER"]
[Tiebreak "Number of wins+Number of black wins"]
[SourceTitle "playchess.com"]
[Source "ChessBase"]
[SourceQuality "1"]
[TimeControl "180+2"]

1. Nf3 Nf6 2. e3 e6 3. c4 b6 4. b3 Bb7 5. Bb2 Be7 6. Be2 O-O 7. O-O c5 8. d4 cxd4 9. Nxd4 d5 10. Nd2 Nc6 11. Rc1 Rc8 12. Re1 Qd7 13.
Nxc6 Bxc6 14. Nf3 dxc4 15. Qxd7 Nxd7 16. Bxc4 Bb7 17. Nd4 a6 18. Nxe6 Rfe8 19. Nxg7 b5 20. Nxe8 bxc4 1-0

[Event "GER-ch Blitz 2019"]
[Site "Magdeburg"]
[Date "2019.05.25"]
[Round "14.11"]
[White "Schulze, Marc"]
[Black "Schulz, Karsten"]
[Result "1/2-1/2"]
[ECO "A45"]
[WhiteElo "2220"]
[BlackElo "2227"]
[Annotator "NA"]
[PlyCount "57"]
[EventDate "2019.05.25"]
[EventType "tourn"]
[EventCountry "GER"]
[Tiebreak "Number of wins+Number of black wins"]
[SourceTitle "playchess.com"]
[Source "ChessBase"]
[SourceQuality "1"]
[TimeControl "180+2"]

1. d4 Nf6 2. Bf4 g6 3. e3 Bg7 4. Nf3 d6 5. h3 O-O 6. c4 c5 7. Nc3 cxd4 8. exd4 d5 9. c5 Ne4 10. Bd3 Bf5 11. O-O Nc6 12. Bb5 a6 13.
Bxc6 bxc6 14. Na4 f6 15. Nb6 Ra7 16. Qa4 Bd7 17. Qc2 Re8 18.
Rfe1 e5 19. Bh2 Bf5 20. Qa4 Bd7 21. Rad1 Qe7 22. dxe5 fxe5 23. Nxe5 Bxe5 24. Bxe5 Qxe5 25. f3 Qg3 26.
Nxd7 Qf2+ 27. Kh2 Qg3+ 28. Kg1 Qf2+ 29. Kh2 1/2-1/2